Map: Cyber Forest LE

Players

pHARM - Winner!

  • Race: Zerg Zerg
  • League: Platinum
  • Spawn Location: 11:00

KingDice

  • Race: Zerg Zerg
  • League: Platinum
  • Spawn Location: 5:00

VOD

Have the link to the VOD?

Description

Time

  • Played on: July 18, 2019, 12:31 a.m.
  • Length: 5:40
Show
View Real Time Build Order
Export as new Build Order

pHARM Zerg - Winner!

Build Orders: Hatch First 

Get SALT Encoding   

  12  0:01  Drone  
  13  0:14  Drone  
  14  0:20  Overlord  
  14  0:39  Drone x2  
  16  0:51  Hatchery  
  16  1:04  Drone x3  
  18  1:19  Extractor  
  18  1:20  Spawning Pool  
  18  1:21  Drone  
  17  1:25  Drone  
  18  1:40  Drone  
  19  1:48  Drone  
  20  1:59  Overlord  
  20  2:08  Zergling x2  
  21  2:09  Queen x2  
  21  2:10  Zergling x2  
  21  2:15  Drone  
  27  2:30  Drone x2  
  27  2:31  Drone  
  30  2:45  Metabolic Boost  
  30  2:53  Hatchery  
  30  2:55  Baneling Nest  
  27  3:11  Drone x5  
  27  3:12  Drone  
  32  3:19  Queen  
  34  3:21  Zergling x4  
  34  3:25  Overlord  
  36  3:44  Zergling x8  
  36  3:45  Overlord  
  36  3:46  Zergling x4  
  42  3:58  Baneling  
  42  3:59  Baneling x3  
  42  4:02  Zergling x2  
  43  4:03  Zergling x2  
  43  4:04  Overlord x3  
  44  4:10  Zergling x2  
  44  4:11  Zergling x4  
  47  4:19  Baneling x3  
  43  4:33  Zergling x2  
  43  4:34  Zergling x10  
  45  4:41  Zergling x14  
  45  4:42  Zergling x2  
  45  4:45  Zergling x2  
  53  4:49  Zergling x2  
  53  4:50  Zergling x4  
  53  4:59  Zergling x2  
  53  5:00  Zergling x2  
  53  5:02  Baneling x3  
  53  5:03  Baneling  
  53  5:05  Zergling x6  
Show
View Real Time Build Order
Export as new Build Order

KingDice Zerg 

Build Orders: Hatch First 

Get SALT Encoding   

  12  0:01  Drone  
  13  0:12  Overlord  
  13  0:22  Drone  
  14  0:31  Drone x2  
  16  0:39  Drone  
  17  0:55  Hatchery  
  16  0:58  Drone  
  16  1:00  Drone  
  18  1:12  Extractor  
  18  1:17  Spawning Pool  
  16  1:19  Drone  
  16  1:22  Drone  
  18  1:33  Drone  
  19  1:40  Overlord  
  19  1:55  Drone  
  20  2:07  Queen x2  
  20  2:08  Zergling x4  
  26  2:15  Drone  
  26  2:17  Drone  
  26  2:21  Drone  
  29  2:31  Drone  
  29  2:33  Zergling x2  
  31  2:41  Spine Crawler  
  31  2:42  Overlord  
  30  2:53  Zergling x2  
  30  2:54  Zergling x2  
  30  2:55  Overlord  
  31  3:09  Zergling x2  
  31  3:10  Zergling x2  
  31  3:12  Overlord  
  32  3:14  Metabolic Boost  
  32  3:22  Hatchery  
  32  3:25  Drone x2  
  33  3:31  Drone x2  
  33  3:34  Drone  
  36  3:42  Baneling Nest  
  36  3:48  Evolution Chamber  
  34  3:51  Overlord  
  34  4:06  Spine Crawler  
  34  4:08  Zergling x2  
  34  4:09  Zergling x8  
  28  4:34  Zergling x2  
  28  4:35  Zergling x12  
  31  4:44  Zergling x6  
  30  4:46  Zergling x2  
  31  4:52  Zergling x2  
  31  4:54  Zergling x2  
  28  5:19  Baneling  
  28  5:20  Baneling  
Tags
 
Add a new tag
Caveats
  • Supply blocks, unpowered buildings, or Contaminate may cause inaccurate times.
  • Supply counts are checked every 10 seconds.